AoeStats
← ThunderboltX

Arena

509665928Analyzed
1v1 RM · 5d ago on Sep 27, 2026· 15m 4s· 2 players
Game mode
Random Map
Map size
Tiny (2 player)
Population
200
Speed
Normal
Resources
Standard
Victory
Conquest
Starting age
Dark Age
Ending age
Imperial Age
RankedLock teamsTeams togetherTeam positionsShared explorationLock speedFull tech treeHidden civsTurbo modeCheats
Victory
Defeat
🇮🇱 Ethiopians · Israel
2211
+25
🇧🇬 Danes · Bulgaria
2446
-25
ThunderboltX
11:11 Feudal Age
11:55 Double-Bit Axe
11:57 Horse Collar
14:48 Castle Age
14:05 Loom
14:28 Scale Mail Armor
JonSlow
10:49 Feudal Age
11:51 Double-Bit Axe
14:47 Castle Age
14:59 Light Cavalry
Connection lost

Rejoining the realm…

Still unreachable

The connection could not be restored.

Session expired

The server has moved on; the page needs a fresh start.